Map: Vaani Research Station (Void)

Players

MajOr (SpeCial) - Winner!

  • Race: Terran Terran
  • Spawn Location: 12:00

Zerghamdi

  • Race: Zerg Zerg
  • League: Master
  • Spawn Location: 6:00

Event: WESG 2016 Finals

VOD

Have the link to the VOD?

Description

Time

  • Played on: Jan. 12, 2017, 10:19 p.m.
  • Length: 8:20

All games in this series

Show
View Real Time Build Order
Export as new Build Order

MajOr Terran - Winner!

Build Orders: Reaper Expand, Hellion Banshee 

Get SALT Encoding   

  12  0:00  SCV  
  13  0:12  SCV  
  14  0:18  Supply Depot  
  14  0:24  SCV  
  15  0:29  Refinery  
  15  0:39  SCV  
  16  0:45  Barracks  
  16  0:51  SCV  
  17  1:03  SCV  
  18  1:16  SCV  
  19  1:32  Orbital Command  
  19  1:33  Reaper  
  20  1:45  Command Center  
  20  1:54  Factory  
  20  1:59  SCV  
  21  2:04  Refinery  
  21  2:07  Barracks Reactor  
  21  2:11  SCV  
  22  2:16  Supply Depot  
  22  2:23  SCV  
  23  2:38  SCV  
  23  2:41  Starport  
  24  2:50  SCV  
  25  2:53  Hellion x2  
  25  2:55  Marine  
  30  3:00  Orbital Command  
  30  3:03  SCV  
  31  3:15  SCV  
  31  3:18  Medivac  
  31  3:19  Hellion  
  36  3:21  Hellion  
  38  3:27  SCV x2  
  38  3:32  Supply Depot  
  40  3:38  Armory  
  40  3:39  Barracks Tech Lab  
  40  3:41  SCV  
  40  3:43  SCV  
  42  3:53  SCV  
  42  3:55  Supply Depot  
  43  3:56  SCV  
  43  4:00  Hellion x2  
  48  4:06  SCV  
  48  4:08  Marine, SCV  
  50  4:17  Banshee  
  50  4:18  SCV  
  54  4:29  SCV  
  54  4:30  SCV  
  56  4:33  Hellion x2  
  56  4:36  Supply Depot  
  60  4:41  SCV  
  61  4:52  SCV  
  58  4:53  SCV  
  58  4:56  Hellion  
  58  4:58  Hellion  
  63  5:00  Supply Depot  
  63  5:02  Banshee  
  63  5:04  Cloaking Field, SCV  
  63  5:06  SCV  
  68  5:14  Command Center  
  68  5:21  SCV x2  
  68  5:23  Refinery x2, Terran Vehicle Weapons Level 1  
  70  5:33  Hellion x2  
  74  5:37  Barracks Reactor  
  74  5:40  Factory  
  74  5:45  SCV x2  
  74  5:47  Banshee  
  77  5:57  SCV  
  78  5:58  Supply Depot x2  
  78  5:59  Supply Depot  
  78  6:00  SCV  
  79  6:05  Cyclone x2  
  81  6:13  SCV x2  
  75  6:24  Supply Depot  
  75  6:25  SCV x2  
  74  6:27  Orbital Command  
  74  6:29  Supply Depot  
  74  6:31  Banshee  
  77  6:33  Cyclone x2  
  77  6:37  SCV x2  
  85  6:41  Factory  
  85  6:43  Hellion  
  87  6:49  Orbital Command  
  87  6:51  SCV  
  87  6:52  SCV  
  89  6:58  Cyclone  
  92  7:04  SCV x2  
  92  7:07  Hellion, Cyclone  
  99  7:11  Cyclone  
  99  7:15  SCV  
  101  7:16  SCV x2  
  103  7:27  SCV  
  103  7:28  SCV x2  
  106  7:31  Supply Depot  
  106  7:32  Engineering Bay  
  106  7:37  Cyclone  
  106  7:38  Hellion  
  106  7:39  Hellion, SCV  
  106  7:40  Refinery, SCV x2  
  106  7:43  Refinery  
  116  7:45  Supply Depot  
  116  7:49  Supply Depot  
  116  7:51  SCV  
  116  7:52  SCV x2  
  119  8:03  SCV  
  119  8:04  SCV  
  119  8:05  SCV  
  131  8:14  Missile Turret  
  131  8:17  Supply Depot  
  131  8:18  Supply Depot  
Show
View Real Time Build Order
Export as new Build Order

Zerghamdi Zerg 

Build Orders: Hatch First 

Get SALT Encoding   

  12  0:02  Drone  
  13  0:13  Overlord  
  13  0:18  Drone  
  14  0:31  Drone x2  
  14  0:34  Drone  
  17  0:53  Hatchery  
  17  0:56  Drone  
  17  1:03  Drone  
  18  1:05  Extractor  
  17  1:14  Spawning Pool  
  17  1:17  Drone  
  17  1:21  Drone  
  18  1:29  Drone  
  19  1:40  Drone  
  20  1:50  Overlord  
  20  2:01  Queen  
  20  2:04  Metabolic Boost  
  20  2:06  Queen  
  20  2:07  Zergling x4  
  26  2:27  Hatchery  
  26  2:29  Drone  
  26  2:32  Drone  
  26  2:35  Drone  
  28  2:39  Drone  
  28  2:47  Queen  
  28  2:51  Zergling x2  
  30  2:55  Zergling x4  
  30  2:57  Drone  
  33  3:02  Overlord  
  33  3:11  Drone x3  
  36  3:19  Overlord  
  36  3:23  Drone  
  36  3:24  Drone x2  
  39  3:31  Queen  
  39  3:34  Drone x2  
  43  3:41  Roach Warren  
  41  3:56  Queen  
  41  3:59  Drone  
  41  4:00  Drone x4  
  41  4:02  Zergling x2  
  49  4:09  Zergling x6  
  50  4:18  Zergling x2  
  50  4:19  Zergling x4  
  50  4:20  Zergling x2  
  50  4:21  Zergling x2  
  53  4:25  Zergling x6  
  49  4:34  Drone  
  49  4:35  Drone x2  
  50  4:54  Drone x4  
  50  4:55  Drone  
  50  4:56  Overlord x2  
  55  5:03  Evolution Chamber  
  55  5:04  Spore Crawler  
  55  5:06  Spore Crawler  
  52  5:09  Spore Crawler  
  50  5:18  Drone, Lair  
  50  5:20  Drone  
  52  5:22  Drone  
  52  5:27  Roach  
  51  5:30  Roach  
  51  5:33  Roach x2  
  57  5:42  Roach x3  
  57  5:51  Roach x3  
  57  5:53  Roach  
  64  6:01  Drone x4  
  62  6:05  Roach x2  
  60  6:16  Queen x2  
  62  6:25  Drone x2  
  64  6:28  Drone x5  
  64  6:31  Drone x2  
  71  6:37  Zergling x6  
  74  6:40  Overlord  
  74  6:50  Overlord x2  
  74  6:52  Extractor  
  71  6:56  Overlord x2  
  71  7:04  Drone x3, Extractor  
  71  7:07  Drone x3  
  74  7:09  Drone  
  65  7:20  Drone x3, Extractor  
  65  7:21  Drone x2  
  63  7:25  Drone x3  
  63  7:26  Roach x2  
  70  7:32  Roach  
  70  7:35  Roach  
  74  7:38  Spine Crawler  
  74  7:39  Roach  
  74  7:40  Spine Crawler  
  74  7:42  Roach  
  76  7:45  Roach  
  76  7:46  Roach  
  76  7:50  Roach, Overlord  
  76  7:51  Roach  
  84  7:56  Overseer  
  82  7:58  Roach  
  82  8:00  Overlord  
Tags
 
Add a new tag
Caveats
  • Supply blocks, unpowered buildings, or Contaminate may cause inaccurate times.
  • Supply counts are checked every 10 seconds.